 Dungeon Crawl Stone Soup version 0.22-a0-248-gc8378ba (webtiles) character file.

77 tsouns the Skirmisher (level 4, -7/33 HPs)
             Began as an Octopode Fighter on Feb 28, 2018.
             Mangled by an orc warrior
             ... wielding a +0 war axe
              (21 damage)
             ... on level 1 of the Dungeon.
             The game lasted 00:03:05 (1301 turns).

tsouns the Skirmisher (Octopode Fighter)            Turns: 1301, Time: 00:03:05

Health: -7/33      AC:  1    Str: 20    XL:     4   Next: 33%
Magic:  4/4        EV: 11    Int: 10    God:
Gold:   37         SH:  9    Dex: 12    Spells: 3/3 levels left

rFire    . . .     SeeInvis +   a - +0 rapier
rCold    . . .     Gourm    .   b - +0 shield
rNeg     . . .     Faith    .   (helmet restricted)
rPois    .         Spirit   .   (no amulet)
rElec    .         Reflect  .   f - ring of see invisible
rCorr    .         Harm     .   (no ring)
MR       .....                  (no ring)
Stlth    +++.......             (no ring)
HPRegen  0.11/turn              (no ring)
MPRegen  0.09/turn              (no ring)
                                (no ring)
                                (no ring)

@: mighty
A: almost no armour, stealthy swim, amphibious, 8 rings, constrict 8, camouflage
1, gelatinous body 1
a: no special abilities


You were on level 1 of the Dungeon.
You were not hungry.

You visited 1 branch of the dungeon, and saw 2 of its levels.

You collected 37 gold pieces.

Inventory:

Hand Weapons
 a - a +0 rapier (weapon)
Missiles
 c - 70 stones (quivered)
Armour
 b - a +0 shield (worn)
Jewellery
 f - a ring of see invisible (left tentacle)
 i - an uncursed ring of stealth {unknown}
Potions
 e - 3 potions of haste
 h - a potion of curing {unknown}
 j - a potion of agility {unknown}
Comestibles
 d - 4 rations
 m - a chunk of flesh


   Skills:
 + Level 3.8 Fighting
 + Level 3.0 Short Blades
 - Level 3.0 Dodging
 + Level 3.0 Stealth
 - Level 3.0 Shields


You had 3 spell levels left.
You didn't know any spells.

Dungeon Overview and Level Annotations

Branches:
Dungeon (2/15)

Altars:


Innate Abilities, Weirdness & Mutations

You cannot wear most types of armour.
You are very stealthy in the water. (Stealth+)
You are amphibious.
You can wear up to eight rings at the same time.
You can use your tentacles to constrict eight enemies at once.
Your skin changes colour to match your surroundings (Stealth+).
Your rubbery body absorbs attacks. (AC +1, EV +1)


Message History

The orc is lightly wounded.
The orc throws a tomahawk.
The tomahawk hits you.
Unknown command.
Throwing (i - inventory)
c - 71 stones (quivered)
Press: ? - help, Shift-Dir - straight line, f/p - orc
Aim: an orc, wielding a mace and wearing a ring mail (lightly wounded)
You throw a stone.
The stone closely misses the orc warrior.
The stone hits the orc.
The orc is moderately wounded.
Unknown command.
The orc warrior hits you with a war axe!
You climb upwards.
There is a stone staircase leading down here.
You feel very mighty all of a sudden. You block the orc warrior's attack.
You closely miss the orc warrior. Your grab misses the orc warrior.
The orc warrior hits you with a war axe!!
Ouch! That really hurt!
You die...

.#.##.# ##.###.#.#####
.#.##.# #..##.......#
.#.##.#####.##.......#
.#...(......##.......#
.####........#.#.#####
.# #............##
#####.............#
.............[....#
###...###......o@.#
#...#.##.#......#
#...##.###..>...#
#######.## ########
.....#.## ####..##
####


You could see an orc warrior.

Vanquished Creatures
  2 adders (D:2)
  2 oozes
  A dart slug (D:1)
  3 leopard geckos
  An orc (D:2)
  2 ball pythons (D:2)
  5 bats
  A giant cockroach (D:2)
  6 goblins
  4 hobgoblins
  2 jackals (D:1)
  3 kobolds (D:1)
  A quokka (D:2)
  5 frilled lizards
  4 rats (D:1)
42 creatures vanquished.

Notes
Turn   | Place    | Note
-------+----------+-------------------------------------------
     0 | D:1      | tsouns the Octopode Fighter began the quest for the Orb.
     0 | D:1      | Reached XP level 1. HP: 16/16 MP: 1/1
    33 | D:1      | Reached skill level 1 in Stealth
    34 | D:1      | Reached XP level 2. HP: 3/21 MP: 2/2
   365 | D:1      | Reached XP level 3. HP: 19/26 MP: 3/3
  1012 | D:2      | Reached XP level 4. HP: 29/33 MP: 4/4
  1260 | D:2      | Noticed an orc warrior
  1301 | D:1      | Mangled by an orc warrior

Vault maps used:
D:1:      minmay_arrival_semitransparent, amethyst_killhole, minmay_surrounded
D:2:      first_ration, serial_bayou_crossing

Skill      XL: |  1  2  3  4 |
---------------+-------------+-----
Stealth        | 1 2 3 |  3.0
Short Blades   | 3 |  3.0
Fighting       | |  3.8
Dodging        | |  3.0
Shields        | |  3.0

Action                   |  1- 3 |  4- 6 || total
-------------------------+-------+-------++-------
Melee: Rapier            |    60 |    12 ||    72
       Constrict         |    14 |     2 ||    16
       Tentacles         |     9 |     3 ||    12
Throw: Stone             |       |     3 ||     3
  Use: Potion            |     1 |     1 ||     2
       Scroll            |     2 |     3 ||     5
 Stab: Sleeping          |     8 |     2 ||    10
       Distracted        |       |     1 ||     1
  Eat: Chunk             |       |     1 ||     1
Armor: Skin              |     4 |       ||     4
Dodge: Dodged            |    15 |     1 ||    16
Block: Shield            |    19 |     3 ||    22

Table legend:
 A = Spawn XP
 B = Non-spawn XP
 C = Spawn XP percentage of total XP
 D = Spawn monster count
 E = Non-spawn monster count
 F = Spawn count percentage of total count
 G = Total turns spent on level
                    A         B        C        D         E        F      G
               +---------+---------+-------+---------+---------+-------+---------
         Total |       0 |     110 |   0.0 |       0 |      42 |   0.0 |  1301
               +---------+---------+-------+---------+---------+-------+---------
           D:1 |       0 |      51 |   0.0 |       0 |      26 |   0.0 |   853
           D:2 |       0 |      59 |   0.0 |       0 |      16 |   0.0 |   448
               +---------+---------+-------+---------+---------+-------+---------
